Map: 썬더버드 - 래더

Players

LiquidTLO (TLO)

  • Race: Zerg Zerg
  • League: Grandmaster
  • Spawn Location: 11:00

DnS - Winner!

  • Race: Protoss Protoss
  • Spawn Location: 5:00

Event: HomeStory Cup XIX

VOD

Have the link to the VOD?

Description

Time

  • Played on: June 27, 2019, 1:55 p.m.
  • Length: 7:49

All games in this series

Show
View Real Time Build Order
Export as new Build Order

LiquidTLO Zerg 

Build Orders: Hatch First 

Get SALT Encoding   

  12  0:00  Drone  
  13  0:12  Overlord  
  13  0:16  Drone  
  14  0:31  Drone x2  
  16  0:48  Hatchery  
  15  0:51  Drone  
  15  0:55  Drone  
  17  0:58  Drone  
  18  1:05  Extractor  
  18  1:07  Drone  
  18  1:17  Spawning Pool  
  17  1:20  Drone  
  18  1:29  Drone  
  19  1:38  Drone  
  20  1:49  Overlord  
  20  2:03  Queen  
  20  2:04  Queen  
  20  2:05  Metabolic Boost  
  20  2:07  Zergling x2  
  25  2:09  Zergling x2  
  25  2:13  Drone  
  27  2:17  Drone  
  27  2:22  Drone x2  
  30  2:38  Hatchery  
  29  2:44  Queen  
  29  2:48  Overlord  
  31  2:52  Drone  
  31  2:55  Zergling x2  
  31  2:56  Zergling x2  
  34  2:59  Drone  
  34  3:03  Overlord  
  34  3:05  Drone  
  36  3:11  Drone  
  36  3:12  Drone  
  38  3:17  Drone x2  
  40  3:20  Zergling x2  
  40  3:24  Drone  
  40  3:26  Drone  
  43  3:28  Queen  
  43  3:30  Drone  
  46  3:37  Drone  
  46  3:40  Overlord  
  47  3:42  Spore Crawler  
  47  3:44  Spore Crawler  
  47  3:45  Drone  
  45  3:48  Drone  
  45  3:50  Drone  
  45  3:51  Overlord  
  45  3:54  Drone  
  48  3:58  Drone  
  48  3:59  Drone x2  
  51  4:03  Drone  
  51  4:06  Drone  
  51  4:08  Lair  
  51  4:09  Drone  
  53  4:13  Drone  
  53  4:15  Drone  
  53  4:16  Overlord  
  55  4:20  Drone  
  55  4:21  Drone  
  55  4:23  Spore Crawler  
  56  4:26  Drone  
  56  4:31  Queen, Overlord  
  57  4:35  Overlord  
  57  4:36  Drone x2  
  61  4:38  Drone  
  61  4:41  Drone  
  60  4:48  Drone x2  
  60  4:49  Drone  
  60  4:51  Drone, Extractor  
  60  4:52  Drone, Roach Warren  
  63  4:54  Drone  
  63  4:56  Drone  
  63  4:57  Drone  
  66  5:00  Extractor  
  66  5:01  Drone  
  66  5:02  Drone  
  66  5:05  Drone  
  68  5:07  Extractor  
  68  5:11  Hydralisk Den  
  68  5:13  Drone x2, Extractor  
  67  5:15  Drone x2  
  67  5:18  Drone x3  
  67  5:19  Drone  
  67  5:20  Drone  
  74  5:22  Drone  
  75  5:32  Glial Reconstitution, Drone  
  75  5:37  Drone x3, Extractor  
  75  5:38  Drone  
  75  5:39  Drone  
  79  5:43  Roach  
  79  5:44  Overlord  
  79  5:47  Overlord x2  
  79  5:48  Hatchery, Roach  
  82  5:50  Overseer  
  82  6:03  Roach x2  
  84  6:08  Roach x7  
  84  6:11  Roach  
  100  6:14  Roach  
  100  6:15  Roach  
  100  6:16  Roach  
  106  6:22  Roach  
  106  6:25  Roach  
  105  6:30  Roach  
  94  6:33  Roach  
  94  6:34  Roach  
  94  6:35  Roach  
  94  6:37  Roach  
  94  6:39  Roach x2  
  92  6:41  Roach x2  
  92  6:43  Roach  
  92  6:44  Queen  
  92  6:45  Drone  
  92  6:46  Drone  
  93  6:51  Roach  
  93  6:52  Roach  
  91  6:54  Roach  
  91  6:59  Roach  
  91  7:01  Roach x2  
  91  7:07  Roach x2  
  97  7:08  Roach  
  97  7:09  Roach  
  97  7:14  Roach  
  97  7:16  Roach  
  97  7:19  Overlord  
  97  7:22  Drone, Overlord  
  96  7:30  Drone, Overlord  
  96  7:33  Drone  
Show
View Real Time Build Order
Export as new Build Order

DnS Protoss - Winner!

Build Orders: 1 Gate Expand, Oracle Opening, Zealot Archon, Archon Drop 

Get SALT Encoding   

  12  0:00  Probe  
  13  0:12  Probe  
  14  0:17  Pylon  
  14  0:24  Probe  
  15  0:32  Probe  
  15  0:38  Gateway  
  15  0:40  Probe  
  16  0:47  Assimilator  
  17  0:51  Probe  
  18  1:03  Probe  
  19  1:15  Probe  
  20  1:23  Nexus  
  20  1:34  Cybernetics Core  
  20  1:36  Probe  
  21  1:45  Assimilator  
  21  1:48  Probe  
  21  1:51  Pylon  
  22  2:00  Adept  
  22  2:01  Probe  
  23  2:13  Probe  
  26  2:16  Stargate  
  26  2:25  Probe, Warp Gate  
  27  2:30  Adept  
  27  2:31  Probe  
  27  2:33  Probe  
  31  2:40  Probe  
  31  2:41  Probe  
  32  2:50  Probe  
  33  2:51  Probe, Oracle  
  35  3:02  Probe  
  35  3:03  Probe  
  40  3:14  Probe  
  40  3:15  Probe  
  44  3:26  Probe  
  43  3:27  Probe, Pylon  
  43  3:29  Assimilator  
  43  3:31  Assimilator  
  44  3:34  Gateway  
  44  3:35  Oracle  
  44  3:38  Probe  
  44  3:41  Probe  
  46  3:48  Pylon  
  49  3:49  Robotics Facility  
  49  3:50  Probe  
  49  3:53  Probe  
  51  4:00  Pylon  
  51  4:02  Probe  
  52  4:04  Twilight Council  
  52  4:05  Probe  
  53  4:13  Stalker  
  53  4:14  Probe  
  56  4:17  Probe  
  56  4:23  Gateway  
  57  4:26  Gateway  
  57  4:27  Warp Prism  
  57  4:30  Gateway  
  57  4:31  Gateway  
  57  4:38  Charge  
  59  4:53  Templar Archives  
  59  4:57  Zealot x2  
  63  5:00  Pylon  
  64  5:14  Probe x2  
  64  5:15  Nexus  
  64  5:18  Pylon  
  65  5:25  Zealot x2  
  65  5:27  Probe  
  71  5:28  Pylon  
  71  5:32  High Templar x2  
  71  5:33  High Templar  
  71  5:34  High Templar  
  78  5:37  Archon  
  78  5:38  Archon  
  78  5:41  Probe x2  
  78  5:42  Observer  
  81  5:46  Pylon  
  81  5:55  Probe  
  82  5:57  Probe  
  83  6:08  Zealot x3  
  83  6:09  Zealot x3  
  83  6:10  Probe  
  96  6:13  Probe  
  96  6:16  Forge  
  96  6:17  Pylon  
  97  6:23  Probe  
  96  6:26  Probe  
  96  6:30  Zealot x2  
  96  6:31  Zealot x3  
  105  6:33  Zealot  
  97  6:40  Probe  
  90  6:50  Immortal  
  90  6:53  Probe x2  
  93  6:54  Probe  
  93  7:02  Zealot x3  
  93  7:03  Zealot x3  
  93  7:06  Probe x3  
  100  7:18  Probe x2  
  96  7:25  Zealot, High Templar x4  
  96  7:26  Zealot  
  96  7:29  Shield Battery  
  112  7:30  Pylon  
  112  7:31  Archon x2  
  112  7:36  Probe  
  109  7:39  Assimilator x2  
Tags
 
Add a new tag
Caveats
  • Supply blocks, unpowered buildings, or Contaminate may cause inaccurate times.
  • Supply counts are checked every 10 seconds.